 Dungeon Crawl Stone Soup version 0.20.0-15-g7f486f2 (webtiles) character file.

62 QuCean the Firebug (level 3, 0/26 HPs)
             Began as a Draconian Fire Elementalist on June 19, 2017.
             Succumbed to an adder's poison
             ... on level 2 of the Dungeon.
             The game lasted 00:05:56 (1539 turns).

QuCean the Firebug (Draconian Fire Elementalist)    Turns: 1539, Time: 00:05:56

Health: 0/26       AC:  7    Str: 10    XL:     3   Next: 85%
Magic:  2/6        EV: 12    Int: 16    God:
Gold:   59         SH:  0    Dex: 11    Spells: 5/6 levels left

rFire    + . .     SeeInvis .   e - +2 spear (freeze)
rCold    . . .     Gourm    .   (no shield)
rNeg     . . .     Faith    .   (armour unavailable)
rPois    .         Spirit   .   (helmet restricted)
rElec    .         Reflect  .   (no cloak)
rCorr    .         Harm     .   (no gloves)
MR       .....                  i - +1 pair of boots
Stlth    ++........             (no amulet)
Regen    0.1/turn               c - ring of protection from cold
MPRegen  0.1/turn               g - ring of fire

@: lethally poisoned (0 -> -5), very slightly contaminated
A: unfitting armour, cold-blooded, AC +5
a: no special abilities


You were on level 2 of the Dungeon.
You were hungry.

You visited 1 branch of the dungeon, and saw 2 of its levels.

You collected 59 gold pieces.

Inventory:

Hand Weapons
 d - a +0 dagger of venom
 e - a +2 spear of freezing (weapon)
Missiles
 h - 3 stones (quivered)
Armour
 i - a +1 pair of boots (worn)
Jewellery
 c - a ring of protection from cold (left hand)
 g - a ring of fire (right hand)
Scrolls
 j - a scroll of amnesia
 l - 2 scrolls of enchant armour
Books
 a - a book of Flames

   Spells                             Type                      Level
   a - Flame Tongue                   Conjuration/Fire             1
   b - Throw Flame                    Conjuration/Fire             2
   c - Conjure Flame                  Conjuration/Fire             3
   d - Inner Flame                    Hexes/Fire                   3
   e - Sticky Flame                   Conjuration/Fire             4
   f - Fireball                       Conjuration/Fire             5
Comestibles
 b - 2 bread rations
 k - a meat ration


   Skills:
 + Level 0.2 Fighting
 - Level 0.6 Short Blades
 * Level 1.0 Polearms
 + Level 1.9 Dodging
 + Level 1.9 Stealth
 + Level 2.4 Spellcasting
 + Level 1.6 Conjurations
 + Level 3.7 Fire Magic


You had 5 spell levels left.
You knew the following spells:

 Your Spells              Type           Power        Failure   Level  Hunger
a - Flame Tongue          Conj/Fire      ###..        7%          1    #......


Dungeon Overview and Level Annotations

Branches:
Dungeon (2/15)

Altars:


Innate Abilities, Weirdness & Mutations

Your plain brown scales are hard. (AC +5)
You cannot fit into any form of body armour.
You are cold-blooded and may be slowed by cold attacks.


Message History

* * * LOW HITPOINT WARNING * * *
You feel sick.
Unknown command.
There is a lethal amount of poison in your body!
There is a lethal amount of poison in your body!
There is a lethal amount of poison in your body!
There is a lethal amount of poison in your body!
* * * LOW HITPOINT WARNING * * *
You feel sick.
* * * LOW HITPOINT WARNING * * *
You feel sick.
* * * LOW HITPOINT WARNING * * *
You feel sick.
* * * LOW HITPOINT WARNING * * *
You feel sick.
There is a lethal amount of poison in your body!
There is a lethal amount of poison in your body!
There is a lethal amount of poison in your body!
Unknown command.
You die...

#.# #............ #.#.
#.###.###########.##.## #.#.
#........# #.##... #.#.##
#.#(..##.# ##'##### #.#..#
#.#...##.# ##[..###. ##.##.#
#.#...##)# ##.....##.
##..##.###.##.##..# ##.......#.
##..........##.#...####..........
.......†........@.....+..........
##......###.........###..........
##.)#### #.##.##.#.# ##.......#.
#..# #.##.####.# ##.....##.
#..######.##.## .# ##...####
#..[......##..# .# ##+##
##.######.###.## .# #.#
#.##...##.# #.# #....#....#


There were no monsters in sight!

Vanquished Creatures
  3 adders (D:2)
  An ooze (D:1)
  A dart slug (D:1)
  A leopard gecko (D:1)
  4 goblins
  4 hobgoblins
  5 kobolds
  4 bats
  A frilled lizard (D:1)
  6 rats (D:1)
30 creatures vanquished.

Notes
Turn   | Place    | Note
-------+----------+-------------------------------------------
     0 | D:1      | QuCean the Draconian Fire Elementalist began the quest for the Orb.
     0 | D:1      | Reached XP level 1. HP: 14/14 MP: 3/3
   263 | D:1      | Reached XP level 2. HP: 19/20 MP: 1/5
   820 | D:1      | Reached XP level 3. HP: 26/26 MP: 4/6
  1183 | D:2      | Reached skill level 1 in Polearms
  1537 | D:2      | HP: 1/26 [poisoned by an adder]
  1539 | D:2      | Succumbed to an adder's poison

Skill      XL: |  1  2  3 |
---------------+----------+-----
Polearms       | 1 |  1.0
Fighting       | |  0.2
Short Blades   | |  0.6
Dodging        | |  1.9
Stealth        | |  1.9
Spellcasting   | |  2.4
Conjurations   | |  1.6
Fire Magic     | |  3.7

Action                   || total
-------------------------++-------
Melee: Dagger            ||    11
       Unarmed           ||     3
       Tailslap          ||     1
       Spear             ||    21
 Cast: Flame Tongue      ||    43
  Use: Scroll            ||     5
  Eat: Chunk             ||     2
Armor: Skin              ||    21
Dodge: Dodged            ||    43
